 Dungeon Crawl Stone Soup version 0.28.0-53-g5a82cb258f (webtiles) character file.

Game seed: 12266749140789481477

377 Kangaroobicon the Chopper (level 6, -6/51 HPs)
             Began as a Palentonga Fighter on May 20, 2022.
             Mangled by an orc warrior
             ... wielding a +0 mace
              (19 damage)
             ... on level 4 of the Dungeon on May 24, 2022.
             The game lasted 00:21:13 (2803 turns).

Kangaroobicon the Chopper (Palentonga Fighter)      Turns: 2803, Time: 00:21:14

Health: -6/51      AC:  7    Str: 20    XL:     6   Next: 45%
Magic:  6/6        EV:  9    Int:  8    God:
Gold:   191        SH:  4    Dex: 11    Spells: 5/5 levels left

rFire   . . .      SeeInvis +   a - +0 war axe
rCold   . . .      Faith    .   c - +0 buckler
rNeg    . . .      Spirit   .   l - +2 animal skin
rPois   .          Reflect  .   m - +0 helmet
rElec   .          Harm     .   (no cloak)
rCorr   .          Rampage  .   (no gloves)
Will    .....                   (no barding)
Stlth   +.........              i - amulet of regeneration
HPRegen 0.97/turn               j - +4 ring of slaying
MPRegen 0.10/turn               (no ring)

@: no status effects
A: large, rugged brown scales 3, see invisible, deformed body, roll 1, armoured
tail
a: Rolling Charge


You were on level 4 of the Dungeon.
You visited 1 branch of the dungeon, and saw 4 of its levels.

You collected 191 gold pieces.

Inventory:

Hand Weapons
 a - a +0 war axe (weapon)
Armour
 b - a +0 scale mail
 c - a +0 buckler (worn)
 l - a +2 animal skin (worn)
 m - a +0 helmet (worn)
 n - a +0 plate armour
Jewellery
 i - an amulet of regeneration (around neck)
 j - a +4 ring of slaying (left hand)
Scrolls
 e - a scroll of enchant armour
 g - 2 scrolls of noise {unknown}
 h - 2 scrolls of teleportation {unknown}
 p - 2 scrolls of magic mapping {unknown}
Potions
 d - a potion of berserk rage {unknown}
 f - 3 potions of flight
 k - a potion of magic
 o - a potion of experience {unknown}
 q - 2 potions of curing {unknown}
 r - 2 potions of heal wounds {unknown}


   Skills:
 + Level 4.2 Fighting
 + Level 4.6 Axes
 + Level 3.4 Armour
 + Level 0.8 Dodging
 + Level 3.2 Shields


You had 5 spell levels left.
You didn't know any spells.
Your spell library contained the following spells:

 Spells                   Type           Power      Damage    Failure   Level
 Ensorcelled Hibernation  Hex/Ice        0%         N/A       63%         2
 Ice Form                 Ice/Tmut       0%         N/A       99%         4
 Petrify                  Tmut/Erth      0%         N/A       99%         4
 Alistair's Intoxication  Tmut/Pois      0%         N/A       100%        5
 Irradiate                Conj/Tmut      0%         3d14      100%        5


Dungeon Overview and Level Annotations

Branches:
Dungeon (4/15)
 Temple: D:4-7

Altars:
Vehumet


Innate Abilities, Weirdness & Mutations

You are completely covered in rugged brown scales. (AC +3, +7% HP)
You have supernaturally acute eyesight. (SInv)
Armour fits poorly on your strangely shaped body.
You can roll at nearby foes to attack.
You have a long armoured tail.


Message History

You hit the orc warrior.
Your tail-slap misses the orc warrior.
The orc warrior is lightly wounded.
You block the orc warrior's attack.
You closely miss the orc warrior.
The orc warrior is lightly wounded.
The orc warrior completely misses you.
You closely miss the orc warrior.
Your tail-slap misses the orc warrior.
The orc warrior is lightly wounded.
The orc warrior hits you with a +0 mace!
The orc wizard hits you but does no damage.
You hit the orc warrior but do no damage.
The orc warrior is lightly wounded.
You slash the orc wizard!
The orc warrior hits you with a +0 mace.
The orc wizard closely misses you.
You hit the orc warrior but do no damage.
You tail-slap the orc warrior.
The orc warrior is lightly wounded.
You slash the orc wizard!
You kill the orc wizard!
The orc warrior barely misses you.
You barely miss the orc warrior.
The orc warrior is lightly wounded.
The orc warrior hits you with a +0 mace!!
The orc warrior hits you with a +0 mace!
* * * LOW HITPOINT WARNING * * *
You hit the orc warrior but do no damage.
The orc warrior is lightly wounded.
The orc warrior hits you with a +0 mace.
* * * LOW HITPOINT WARNING * * *
Unknown command.
You hit the orc warrior.
The orc warrior is moderately wounded.
The orc warrior hits you with a +0 mace.
* * * LOW HITPOINT WARNING * * *
You hit the orc warrior but do no damage.
You tail-slap the orc warrior.
The orc warrior is moderately wounded.
The orc warrior hits you with a +0 mace!!
You die...

#....##.#..###.#########....#.
###....####............#........
.......................)........
############...........#........
# ####....#...........#........
# #.....#.#...........#.......o
####.....#.#...........#........
................o......#.......#
####.....#......@......#.......#
#.....###############.......#
#......# ######### ########.#
#.......# #.....##.# #.......#
#.###.##.######.......# .### #.#
#....[............# ...
#.#######.#####.......# #.
#.....................# #.


You could see an orc warrior.

Vanquished Creatures
  Sigmund (D:2)
  A jelly (D:4)
  A centaur skeleton (D:4)
  A bullfrog skeleton (D:4)
  An orc wizard (D:4)
  Robin (D:2)
  2 adders
  2 worms
  4 dart slugs
  2 orcs (D:4)
  4 bats
  8 endoplasms
  2 giant cockroaches (D:2)
  11 goblins
  4 hobgoblins (D:2)
  3 jackals (D:1)
  4 kobolds
  3 quokkas
  A ball python (D:1)
  2 frilled lizards (D:1)
  5 rats
63 creatures vanquished.

Notes
Turn   | Place    | Note
-------+----------+-------------------------------------------
     0 | D:1      | Kangaroobicon the Palentonga Fighter began the quest for
                  | the Orb.
     0 | D:1      | Reached XP level 1. HP: 19/19 MP: 1/1
    66 | D:1      | Got the Collected Works on Glacial Transformation
   265 | D:1      | Reached XP level 2. HP: 25/25 MP: 2/2
  1061 | D:1      | Upgraded the game from 0.28.0-49-g6dfe1f597d to
                  | 0.28.0-53-g5a82cb258f
  1062 | D:2      | Found a faded altar of an unknown god.
  1099 | D:2      | Noticed Sigmund
  1105 | D:2      | Killed Sigmund
  1106 | D:2      | Reached XP level 3. HP: 8/32 MP: 3/3
  1106 | D:2      | Reached XP level 4. HP: 10/39 MP: 4/4
  1106 | D:2      | Reached XP level 5. HP: 11/44 MP: 5/5
  1695 | D:2      | Noticed Robin
  1706 | D:2      | Killed Robin
  2522 | D:4      | Reached XP level 6. HP: 51/51 MP: 6/6
  2652 | D:4      | Found a radiant altar of Vehumet.
  2771 | D:4      | Noticed an orc warrior
  2803 | D:4      | Mangled by an orc warrior

Illustrated notes

Levels and vault maps discovered:
D:1:      dpeg_arrival_rooms_c, layout_basic
D:2:      layout_basic, nicolae_ecumenical_pavilion, uniq_sigmund, uniq_robin
D:3:      layout_loops_cross
D:4:      layout_basic, mainiacjoe_overflow_small_starburst, minivault_19,
          dk_vineyard_3

Skill      XL: |  1  2  3  4  5 |
---------------+----------------+-----
Axes           | 3 4 |  4.6
Armour         | 3 |  3.4
Shields        | 3 |  3.2
Fighting       | 4 |  4.2
Dodging        | |  0.8

Action                   |  1- 3 |  4- 6 || total
-------------------------+-------+-------++-------
Melee: War axe           |    52 |    82 ||   134
       Tailslap          |     5 |    10 ||    15
 Abil: Rolling Charge    |     1 |     6 ||     7
  Use: Potion            |     1 |       ||     1
       Scroll            |       |     4 ||     4
Armor: Scale mail        |    25 |    14 ||    39
       Animal skin       |       |    16 ||    16
Dodge: Dodged            |    17 |    27 ||    44
Block: Buckler           |     9 |     9 ||    18
